 Dungeon Crawl Stone Soup version 0.28.0 (webtiles) character file.

Game seed: 8719532149175316034

231 cbfl8 the Sneak (level 5, 0/47 HPs)
             Began as a Minotaur Delver on Feb 11, 2022.
             Killed from afar by Sigmund (8 damage)
             ... with a puff of flame
             ... on level 2 of the Dungeon.
             The game lasted 00:04:20 (1998 turns).

cbfl8 the Sneak (Minotaur Delver)                   Turns: 1998, Time: 00:04:21

Health: 0/47       AC:  9    Str: 18    XL:     5   Next: 72%
Magic:  4/4        EV: 11    Int:  7    God:
Gold:   81         SH:  0    Dex: 12    Spells: 4/4 levels left

rFire   . . .      SeeInvis .   a - +0 hand axe
rCold   . . .      Faith    .   (no shield)
rNeg    . . .      Spirit   .   i - +0 ring mail
rPois   .          Reflect  +   f - +1 hat
rElec   .          Harm     .   (no cloak)
rCorr   .          Rampage  .   o - +0 pair of gloves
Will    .....                   h - +1 pair of boots
Stlth   +.........              p - amulet of reflection
HPRegen 0.15/turn               (no ring)
MPRegen 0.09/turn               (no ring)

@: confused
A: horns 2, retaliatory headbutt
a: no special abilities


You were on level 2 of the Dungeon.
You visited 1 branch of the dungeon, and saw 5 of its levels.

You collected 81 gold pieces.

Inventory:

Hand Weapons
 a - a +0 hand axe (weapon)
Missiles
 j - 13 bolts
Armour
 b - a +0 leather armour
 f - a +1 hat (worn)
 h - a +1 pair of boots (worn)
 i - a +0 ring mail (worn)
 o - a +0 pair of gloves (worn)
Jewellery
 p - an amulet of reflection (around neck)
Wands
 g - a wand of digging (3)
 l - a wand of iceblast (8)
Scrolls
 d - a scroll of magic mapping
 e - a scroll of fear
 m - a scroll of amnesia {unknown}
 n - a scroll of enchant armour {unknown}


   Skills:
 + Level 4.3 Fighting
 + Level 3.7 Axes
 + Level 2.4 Armour
 + Level 3.0 Dodging
 + Level 5.3 Stealth
 + Level 0.2 Shields


You had 4 spell levels left.
You didn't know any spells.
Your spell library contained the following spells:

 Spells                   Type           Power      Damage    Failure   Level
 Gell's Gravitas          Tloc           0%         N/A       94%         3
 Lesser Beckoning         Tloc           0%         N/A       94%         3
 Teleport Other           Tloc           0%         N/A       94%         3


Dungeon Overview and Level Annotations

Branches:
Dungeon (6/15)
 Temple: D:4-7

Altars:
Beogh

Shops:
D:2 (   D:5 *[

Annotations:
D:2 Sigmund
D:5 Blork the orc


Innate Abilities, Weirdness & Mutations

You have a pair of horns on your head.
You reflexively headbutt those who attack you in melee.


Message History

The hobgoblin hits you but does no damage.
You hit the hobgoblin.
You kill the hobgoblin!
Sigmund the Dreaded comes into view.
He is wielding a +0 scythe.
Sigmund shouts!
You hear an angry hiss.
Sigmund gestures at you while chanting.
You are confused.
You bump into the rock wall.
Sigmund casts a spell at you. The puff of flame hits you.
You bump into the rock wall.
You bump into the rock wall.
Sigmund casts a spell at you.
You are more confused.
Sigmund barely misses you.
Sigmund hits you from afar with a +0 scythe.
You bump into the rock wall.
Sigmund closely misses you. Sigmund misses you.
You feel less confused. Sigmund gestures at you while chanting.
The puff of flame hits you. Sigmund hits you with a +0 scythe.
You hit Sigmund but do no damage. Your headbutt misses Sigmund.
You hit Sigmund but do no damage. You headbutt Sigmund!
Sigmund is moderately wounded.
Sigmund barely misses you.
You hit Sigmund. Your headbutt misses Sigmund.
Sigmund is heavily wounded.
Sigmund points at you and mumbles some strange words.
You are confused.
Sigmund hits you from afar with a +0 scythe!
You barely miss Sigmund.
Sigmund is heavily wounded.
Sigmund hits you with a +0 scythe! Sigmund hits you with a +0 scythe!
* * * LOW HITPOINT WARNING * * *
Sigmund points at you and mumbles some strange words.
The puff of flame hits you!
You die...

.........
........#
........#
#.......#
##.......#
#........# #
#.........
#.###.........
#....@@.####....
####....# .....
##....# .....
#....#####.... .
####.###....# .#
.
#.#......##.#..
#.#...........#
#.............
###..........


You could see Sigmund.

Vanquished Creatures
  A water moccasin skeleton (D:3)
  2 orc priests (D:3)
  A bullfrog skeleton (D:5)
  An orc wizard (D:3)
  A killer bee zombie (D:6)
  2 gnolls (D:3)
  An adder (D:4)
  2 worms
  An orc (D:5)
  2 ball pythons
  An endoplasm (D:4)
  A giant cockroach (D:3)
  2 goblins (D:3)
  A hobgoblin (D:2)
  A bat (D:3)
  A kobold (D:4)
21 creatures vanquished.

Vanquished Creatures (others)
  3 plants (D:4)
3 creatures vanquished.

Grand Total: 24 creatures vanquished

Notes
Turn   | Place    | Note
-------+----------+-------------------------------------------
     0 | D:5      | cbfl8 the Minotaur Delver began the quest for the Orb.
     0 | D:5      | Reached XP level 1. HP: 19/19 MP: 0/0
     1 | D:5      | Noticed Blork the orc
   293 | D:6      | Reached XP level 2. HP: 9/27 MP: 1/1
   557 | D:5      | Reached XP level 3. HP: 33/33 MP: 2/2
   623 | D:5      | Found Akleukek's Antique Armour Shop.
   640 | D:5      | Found Yvubuadgh's General Store.
  1045 | D:3      | Reached XP level 4. HP: 40/40 MP: 3/3
  1073 | D:3      | Reached skill level 1 in Armour
  1073 | D:3      | Reached skill level 5 in Stealth
  1085 | D:3      | Reached XP level 5. HP: 15/46 MP: 4/4
  1915 | D:2      | Found Vonuhir's Antique Weapon Emporium.
  1969 | D:2      | Noticed Sigmund
  1998 | D:2      | Killed from afar by Sigmund

Illustrated notes

Levels and vault maps discovered:
D:2:      layout_basic, basic_altar, serial_shops, nicolae_shop_hallway_stairs,
          minmay_vboxes, uniq_robin, uniq_sigmund
D:3:      layout_basic, kennysheep_orc_chapel
D:4:      layout_basic, ebering_ghost_reflecting_pool, kennysheep_boxes,
          uniq_eustachio
D:5:      layout_cave_pools, nicolae_zen_rock_garden, nicolae_wooded_promenade,
          uniq_blork_the_orc
D:6:      layout_loops_ring, minmay_temple_entry_slanted,
          minmay_shop_grid_forest, glass_columns_a, minmay_misc_feat_hallway,
          grunt_decor_mini_mirrors

Skill      XL: |  1  2  3  4  5 |
---------------+----------------+-----
Fighting       | 4 |  4.3
Axes           | 3 |  3.7
Armour         | 1 2 |  2.4
Stealth        | 5 |  5.3
Dodging        | 3 |  3.0
Shields        | |  0.2

Action                   |  1- 3 |  4- 6 || total
-------------------------+-------+-------++-------
Melee: Hand axe          |    34 |    49 ||    83
       Headbutt          |     6 |     8 ||    14
       Punch             |       |     1 ||     1
  Use: Potion            |     1 |     1 ||     2
       Scroll            |       |     1 ||     1
 Stab: Sleeping          |     2 |     1 ||     3
Armor: Leather armour    |     8 |       ||     8
       Ring mail         |     7 |    21 ||    28
Dodge: Dodged            |    25 |    21 ||    46
Block: Other             |     2 |    13 ||    15
